 Dungeon Crawl Stone Soup version 0.24.0-37-gcf1ca852f1 (webtiles) character file.

Game seed: 1205956482451894040, levelgen mode: deterministic

37 PentaManta the Bolt Thrower (level 3, -8/24 HPs)
             Began as a Halfling Hunter on Dec 5, 2019.
             Mangled by Sigmund
             ... wielding a +3 vampiric scythe
              (12 damage)
             ... on level 2 of the Dungeon.
             The game lasted 00:02:58 (910 turns).

PentaManta the Bolt Thrower (Halfling Hunter)        Turns: 910, Time: 00:02:59

Health: -8/24      AC:  3    Str: 19    XL:     3   Next: 60%
Magic:  3/3        EV: 15    Int:  9    God:
Gold:   32         SH:  0    Dex: 18    Spells: 2/2 levels left

rFire    . . .     SeeInvis .   a - +1 hand crossbow
rCold    . . .     Gourm    .   (shield restricted)
rNeg     . . .     Faith    .   c - +0 leather armour
rPois    .         Spirit   .   (no helmet)
rElec    .         Reflect  .   (no cloak)
rCorr    .         Harm     .   (no gloves)
MR       .....                  (no boots)
Stlth    ++........             (no amulet)
HPRegen  0.08/turn              q - +4 ring of dexterity
MPRegen  0.08/turn              (no ring)

@: mighty, flying
A: small, mutation resistance 1
a: no special abilities


You were on level 2 of the Dungeon.
You were not hungry.

You visited 1 branch of the dungeon, and saw 2 of its levels.

You collected 32 gold pieces.

Inventory:

Hand Weapons
 a - a +1 hand crossbow (weapon)
 b - a +0 short sword
 e - a +0 hunting sling
 l - a +0 dagger of electrocution
Missiles
 d - 11 bolts (quivered)
 p - 42 stones
Armour
 c - a +0 leather armour (worn)
Jewellery
 q - a +4 ring of dexterity (left hand)
Scrolls
 k - a scroll of fog
Comestibles
 f - 2 rations


   Skills:
 - Level 1.7 Fighting
 * Level 2.0 Slings
 + Level 4.7 Crossbows
 + Level 2.7 Dodging
 + Level 2.1 Stealth


You had 2 spell levels left.
You didn't know any spells.
Your spell library was empty.

Dungeon Overview and Level Annotations

Branches:
Dungeon (2/15)

Altars:

Annotations:
D:2 Sigmund


Innate Abilities, Weirdness & Mutations

You are small and have problems with some larger weapons.
You are somewhat resistant to further mutation.


Message History

Firing (i - inventory. (/) - cycle)
d - 16 bolts (quivered)
Press: ? - help, Shift-Dir - straight line You shoot a bolt.
Something hits you but does no damage.
Firing (i - inventory. (/) - cycle)
d - 15 bolts (quivered)
Press: ? - help, Shift-Dir - straight line You shoot a bolt.
Something hits you.
Firing (i - inventory. (/) - cycle)
d - 14 bolts (quivered)
Press: ? - help, Shift-Dir - straight line You shoot a bolt.
You hear a zap.
Something tries to affect you, but you resist.
Firing (i - inventory. (/) - cycle)
d - 13 bolts (quivered)
Press: ? - help, Shift-Dir - straight line You shoot a bolt.
Something hits you!
* * * LOW HITPOINT WARNING * * *
Firing (i - inventory. (/) - cycle)
d - 12 bolts (quivered)
Press: ? - help, Shift-Dir - straight line You shoot a bolt.
Something hits you!
Ouch! That really hurt!
You die...

#.# ##.## #.#
#.# #.# #.#
#.# #.# #.#
#.# #.# #.#
******* #.#
#.# ,,,,,,*
#.# #.#
,****,* #@#
##.# ,*
*,*********#(#
#..# ,*
*,,,,,,,,,,#{#
#.## ,*
**********,#.#
#.# ,* *,#>#*
#.#
,***********
*,#..* #.#
,**,,,,,,,,*
*,#(.* #.#
,**,******,*
*,#..* #.#
,**,*
***,***,*,,*
##.#


There were no monsters in sight!

Vanquished Creatures
  3 dart slugs (D:1)
  2 leopard geckos (D:1)
  A ball python (D:1)
  2 goblins (D:1)
  2 hobgoblins (D:1)
  3 jackals (D:1)
  4 bats (D:1)
  5 kobolds (D:1)
  6 rats (D:1)
28 creatures vanquished.

Notes
Turn   | Place    | Note
-------+----------+-------------------------------------------
     0 | D:1      | PentaManta the Halfling Hunter began the quest for the Orb.
     0 | D:1      | Reached XP level 1. HP: 14/14 MP: 1/1
    72 | D:1      | Reached XP level 2. HP: 19/19 MP: 2/2
   193 | D:1      | Reached skill level 1 in Slings
   208 | D:1      | Reached XP level 3. HP: 24/24 MP: 3/3
   874 | D:2      | Noticed Sigmund
   910 | D:2      | Mangled by Sigmund

Levels and vault maps discovered:
D:1:      dpeg_arrival_round_b, layout_basic
D:2:      layout_loops_ring, lemuel_coloured_pillars_altar,
          grunt_dithmenos_smoke, vehumet_crystals, uniq_sigmund

Skill      XL: |  1  2  3 |
---------------+----------+-----
Slings         | 1 2 |  2.0
Stealth        | 2 |  2.1
Fighting       | |  1.7
Crossbows      | |  4.7
Dodging        | |  2.7

Action                   || total
-------------------------++-------
 Fire: Hand crossbow     ||    52
       Hunting sling     ||     6
  Use: Scroll            ||     5
       Potion            ||     3
Armor: Leather armour    ||     2
Dodge: Dodged            ||    17
